 Dungeon Crawl Stone Soup version 0.32-a0-656-g3542139ebd (webtiles) character file.

Game seed: 11155894084938917726

146 Dittersdorf the Covered (level 5, -4/33 HPs)
             Began as a Gargoyle Fighter on Mar 8, 2024.
             Incinerated by a bombardier beetle (6 damage)
             ... with a burning spray
             ... on level 3 of the Dungeon.
             The game lasted 00:02:48 (2316 turns).

Dittersdorf the Covered (Gargoyle Fighter)          Turns: 2316, Time: 00:02:49

Health: -4/33      AC: 12    Str: 21    XL:     5   Next: 28%
Magic:  5/5        EV:  9    Int:  9    God:
Gold:   80         SH:  5    Dex: 15    Spells: 4/4 levels left

rFire   . . .        m - +0 flail (heavy)
rCold   . . .        c - +0 buckler
rNeg    + . .        b - +0 scale mail
rPois   ∞            (no helmet)
rElec   +            (no cloak)
rCorr   .            (no gloves)
SInv    .            n - +0 pair of boots
Will    .....        x - amulet of regeneration Stlth
                     u - +6 ring of dexterity
HPRegen 1.05/turn    (no ring)
MPRegen 0.09/turn

%: no passive effects
@: on fire, glowing
A: sickness immunity, AC +4, negative energy resistance 1, electricity
resistance, torment resistance 1, petrification resistance
a: no special abilities


You were on level 3 of the Dungeon.
You visited 1 branch of the dungeon, and saw 3 of its levels.

You collected 80 gold pieces.

Inventory:

Hand Weapons
 m - a +0 heavy flail (weapon)
Armour
 b - a +0 scale mail (worn)
 c - a +0 buckler (worn)
 k - a +0 pair of boots
 n - a +0 pair of boots (worn)
Jewellery
 u - a +6 ring of dexterity (left hand)
 x - an amulet of regeneration (around neck)
 y - a +6 ring of strength
Wands
 p - a wand of roots (12) (quivered)
Scrolls
 a - a scroll of enchant weapon {unknown}
 h - 3 scrolls of identify {unknown}
 i - a scroll of silence {unknown}
 l - a scroll of revelation {unknown}
 o - a scroll of enchant armour {unknown}
 q - a scroll of amnesia {unknown}
 w - a scroll of brand weapon {unknown}
Potions
 d - 2 potions of might
 e - 2 potions of heal wounds {unknown}
 f - a potion of attraction {unknown}
 g - 2 potions of mutation {unknown}
 j - 3 potions of enlightenment {unknown}
 r - a potion of berserk rage {unknown}
 s - a potion of degeneration {unknown}
 t - a potion of resistance {unknown}
 v - 2 potions of curing {unknown}


   Skills:
 + Level 4.2 Fighting
 + Level 3.0 Maces & Flails
 + Level 4.3 Armour
 + Level 4.2 Shields


You had 4 spell levels left.
You didn't know any spells.
Your spell library contained the following spells:

 Spells                   Type           Power      Damage    Failure   Level
 Magic Dart               Conj           0%         1d3       78%         1
 Blink                    Tloc           0%         N/A       89%         2
 Call Imp                 Summ           0%         N/A       89%         2
 Call Canine Familiar     Summ           0%         N/A       98%         3
 Sigil of Binding         Hex            0%         N/A       98%         3
 Tukima's Dance           Hex            0%         N/A       98%         3
 Dimensional Bullseye     Hex/Tloc       0%         N/A       100%        4
 Iskenderun's Mystic Bla  Conj/Tloc      0%         2d3       100%        4
 Passage of Golubria      Tloc           0%         N/A       100%        4
 Yara's Violent Unravell  Hex/Alch       0%         3d3       100%        5
 Conjure Ball Lightning   Conj/Air       0%         3x3d6     100%        6
 Discord                  Hex            0%         N/A       100%        8
 Disjunction              Tloc           0%         N/A       100%        8


Dungeon Overview and Level Annotations

Branches:
Dungeon (3/15)

Altars:


Innate Abilities, Weirdness & Mutations

You are immune to sickness and miasma.
Your stone body is resilient. (AC +4)
You are immune to poison.
You resist negative energy. (rN+)
You are resistant to electric shocks. (rElec)
You are resistant to unholy torment.
You are immune to petrification.


Message History

The bombardier beetle is heavily wounded.
The liquid fire burns you!
The bombardier beetle sprays incendiary fluid at you.
The burning spray hits you.
You are even more covered in liquid fire!
You barely miss the bombardier beetle.
The bombardier beetle is heavily wounded.
The liquid fire burns you!
* * * LOW HITPOINT WARNING * * *
The bombardier beetle sprays incendiary fluid at you.
The burning spray hits you.
You are even more covered in liquid fire!
You are too injured to fight recklessly!
You are too injured to fight recklessly!
You are too injured to fight recklessly!
You are too injured to fight recklessly!
You are too injured to fight recklessly!
You are too injured to fight recklessly!
You are too injured to fight recklessly!
You are too injured to fight recklessly!
You are too injured to fight recklessly!
You are too injured to fight recklessly!
You are too injured to fight recklessly!
You are too injured to fight recklessly!
You are too injured to fight recklessly!
You are too injured to fight recklessly!
You are too injured to fight recklessly!
You are too injured to fight recklessly!
Found a white potion.
You shake off some of the fire as you move.
The liquid fire burns you!
* * * LOW HITPOINT WARNING * * *
You shake off some of the fire as you move.
The liquid fire burns you!
* * * LOW HITPOINT WARNING * * *
The bombardier beetle attacks as it pursues you!
The bombardier beetle closely misses you.
You shake off some of the fire as you move.
The liquid fire burns you!
You die...

...####.## #..# #.# #
#... ## #.# #. ##..#
##.. #.# #.. ....
#....#.## .!##..# #
.#.#....
#.#..##.####.........
#........###.#.#.###
#.@##B#.# #...####
#.#.##..##.#.#
##.##..<
....?.)B##.#.# #.
#.##
#######.#.)..#####
#.# #.......... ##.##
.######## #.......#
#...#
........###.......#
#.#.#
..................#
####.#.#
#######.###......##
#....#..


You could see a bombardier beetle.

Vanquished Creatures
  A hound (D:3)
  6 adders
  4 dart slugs
  An orc (D:3)
  4 ball pythons
  3 bats
  7 endoplasms
  3 giant cockroaches
  5 hobgoblins
  4 jackals (D:2)
  2 quokkas
  2 frilled lizards
  A goblin (D:2)
  7 kobolds
  4 rats
54 creatures vanquished.

Notes
Turn   | Place    | Note
-------+----------+-------------------------------------------
     0 | D:1      | Dittersdorf the Gargoyle Fighter began the quest for the
                  | Orb.
     0 | D:1      | Reached XP level 1. HP: 14/14 MP: 1/1
   179 | D:1      | Reached XP level 2. HP: 18/19 MP: 2/2
   809 | D:2      | Found a faded altar of an unknown god.
   872 | D:2      | Reached XP level 3. HP: 18/23 MP: 3/3
  1580 | D:3      | Reached XP level 4. HP: 22/29 MP: 4/4
  1882 | D:3      | Reached XP level 5. HP: 15/33 MP: 5/5
  2315 | D:3      | HP: 1/33 [burnt (6)]
  2316 | D:3      | Incinerated by a bombardier beetle

Illustrated notes

Levels and vault maps discovered:
D:1:      shiori_arrival_maze, layout_loops_ring, minmay_misc_feat_tiny
D:2:      layout_basic, serial_curves, eino_curves_03, eino_curves_02,
          shapermc_ecumenical_altar_ellora
D:3:      layout_loops_ring, wad_floor_pattern_2, minmay_fractal_squares_5,
          uniq_terence

Skill      XL: |  1  2  3  4 |
---------------+-------------+-----
Armour         | 4 |  4.3
Fighting       | 4 |  4.2
Shields        | 4 |  4.2
Maces & Flails | 3 |  3.0

Action                     |  1- 3 |  4- 6 || total
---------------------------+-------+-------++-------
  Melee: Flail             |   109 |    74 ||   183
 Armour: Scale mail        |   142 |    98 ||   240
  Dodge: Dodged            |    98 |    53 ||   151
  Block: Buckler           |    41 |    30 ||    71

Table legend: (Time is in decaauts)
 A = Elapsed time spent in this place.
 B = Non-inter-level travel time spent in this place.
 C = Inter-level travel time spent in this place.
 D = Time resting spent in this place.
 E = Time spent auto-exploring this place.
 F = Levels seen in this place.
 G = Mean time per level.
                   A        B        C        D        E       F      G
               +--------+--------+--------+--------+--------+-----+--------+
         Total |   2459 |   2299 |    160 |    228 |   1494 |   3 |  819.7 |
       Dungeon |   2459 |   2299 |    160 |    228 |   1494 |   3 |  819.7 |
               +--------+--------+--------+--------+--------+-----+--------+

Top non-repeatable levels by time:
     D:2: 1020 daAuts
     D:1: 809 daAuts
     D:3: 629 daAuts
